 Dungeon Crawl Stone Soup version 0.25-a0-667-gb977e01cb5 (webtiles) character file.

Game seed: 14181752958809001254, levelgen mode: deterministic

1108 kae the Destroyer (level 8, 0/41 HPs)
             Began as a Tengu Air Elementalist on Mar 27, 2020.
             Slain by a water moccasin (6 damage)
             ... on level 6 of the Dungeon.
             The game lasted 00:06:56 (5849 turns).

kae the Destroyer (Tengu Air Elementalist)          Turns: 5849, Time: 00:06:56

Health: 0/41       AC:  2    Str: 12    XL:     8   Next: 33%
Magic:  1/16       EV: 13    Int: 20    God:
Gold:   28         SH:  0    Dex: 16    Spells: 6/16 levels left

rFire    . . .     SeeInvis +   t - +3 whip
rCold    . . .     Gourm    .   (no shield)
rNeg     + . .     Faith    .   a - +0 robe
rPois    .         Spirit   .   (helmet restricted)
rElec    .         Reflect  .   v - scarf {cloud immunity}
rCorr    .         Harm     .   (no gloves)
MR       .....                  (boots unavailable)
Stlth    ++........             j - amulet of the acrobat (curse)
HPRegen  0.13/turn              m - ring of Wonder {rN+ Str+4 Int+3 SInv}
MPRegen  0.15/turn              u - +6 ring of slaying

@: lethally poisoned (0 -> -14)
A: beak, talons 3, able to fly
a: Fly


You were on level 6 of the Dungeon.
You were not hungry.

You visited 1 branch of the dungeon, and saw 6 of its levels.

You collected 228 gold pieces.
You spent 200 gold pieces at shops.

Inventory:

Hand Weapons
 t - a +3 whip (weapon)
Armour
 a - a +0 robe (worn)
 b - a +1 cloak
 v - a scarf of cloud immunity (worn)
Jewellery
 d - an uncursed ring of protection from cold
 e - a +2 amulet of reflection
 f - an uncursed amulet of harm
 j - a cursed amulet of the acrobat (around neck)
 k - an uncursed amulet of faith
 m - the ring of Wonder (left hand) {rN+ Str+4 Int+3 SInv}
   (You took it off a crimson imp on level 5 of the Dungeon)

   [ring of positive energy]

   It affects your strength (+4).
   It affects your intelligence (+3).
   It protects you from negative energy.
   It lets you see invisible.
 q - a +3 ring of dexterity
 u - a +6 ring of slaying (right hand)
Wands
 r - a wand of enslavement (4)
 y - a wand of iceblast (10)
Scrolls
 g - a scroll of amnesia
 l - 2 scrolls of remove curse
 n - 3 scrolls of teleportation
 s - a scroll of fear
Potions
 h - 3 potions of curing
 i - a potion of berserk rage
 o - 2 potions of resistance {unknown}
 p - a potion of brilliance {unknown}
 w - a potion of heal wounds
 x - a potion of ambrosia
Comestibles
 c - 8 rations


   Skills:
 - Level 2.1 Dodging
 - Level 2.0 Stealth
 + Level 4.7 Spellcasting
 * Level 8.9 Conjurations
 + Level 7.3 Air Magic


You had 6 spell levels left.
You knew the following spells:

 Your Spells              Type           Power        Failure   Level  Hunger
a - Shock                 Conj/Air       ####         1%          1    None
b - Static Discharge      Conj/Air       #####...     1%          3    ##.....
c - Swiftness             Chrm/Air       ###.....     4%          2    #......
d - Airstrike             Air            ####......   6%          4    ####...

Your spell library contained the following spells:

 Spells                   Type           Power        Failure   Level  Hunger
 Dazzling Flash           Conj/Hex       ###...       5%          3    ##.....
 Corona                   Hex            #......      12%         1    None
 Lightning Bolt           Conj/Air       #####.....   12%         5    ######.
 Ensorcelled Hibernation  Hex/Ice        #.....       19%         2    #......
 Confusing Touch          Hex            #.......     34%         3    ##.....
 Tukima's Dance           Hex            #.......     34%         3    ##.....


Dungeon Overview and Level Annotations

Branches:
Dungeon (6/15)
 Temple: D:4-7

Altars:
Nemelex Xobeh

Shops:
D:5 !


Innate Abilities, Weirdness & Mutations

You have a beak for a mouth.
You have claws for feet.
You can fly continuously.


Message History

Aiming: Shock (safe; 1% risk of failure)
Press: ? - help, Shift-Dir - straight line, p - water moccasin The zap hits the water moccasin.
The water moccasin is severely wounded.
The zap hits the crimson imp.
The crimson imp is moderately wounded.
The water moccasin closely misses you.
Casting: Shock (safe; 1% risk of failure)
Confirm with . or Enter, or press ? or * to list all spells.
Aiming: Shock (safe; 1% risk of failure)
Press: ? - help, Shift-Dir - straight line The zap hits the water moccasin but does no damage.
The water moccasin is severely wounded.
The zap hits the crimson imp but does no damage.
The crimson imp is lightly wounded.
The water moccasin bites you.
* * * LOW HITPOINT WARNING * * *
You are lethally poisoned!
The water moccasin poisons you! The water moccasin bites you.
You die...

####.###.##....##.......#
.........##....##..######
.....######.........# .....#
#.........#
.....######.........#
....................##
...............####..#
...........#########.#######
...........'....@S5.........
#####......##########)###...
# ########


.hS # #.#.. # [h #.# # #). . # .#. # S... # You could see a water moccasin and a
crimson imp.

Vanquished Creatures
  An orc warrior (D:6)
  A sky beast (D:6)
  A scorpion (D:5)
  A water moccasin skeleton (D:4)
  2 crimson imps (D:5)
  A bullfrog skeleton (D:5)
  A bullfrog zombie (D:6)
  A centaur skeleton (D:5)
  4 orc priests (D:3)
  3 hounds
  2 orc wizards
  Jessica (D:3)
  2 iguanas (D:4)
  3 worker ants
  9 adders
  2 oozes
  2 adder zombies
  An adder skeleton (D:4)
  3 worms
  3 dart slugs
  6 leopard geckos
  20 orcs
  2 ball pythons
  9 bats
  10 giant cockroaches
  6 goblins
  4 hobgoblins (D:1)
  17 jackals
  4 quokkas
  5 frilled lizards
  A jackal skeleton (D:5)
  8 kobolds
  9 rats
145 creatures vanquished.

Notes
Turn   | Place    | Note
-------+----------+-------------------------------------------
     0 | D:1      | kae the Tengu Air Elementalist began the quest for the Orb.
     0 | D:1      | Reached XP level 1. HP: 10/10 MP: 4/4
    22 | D:1      | Reached skill level 2 in Conjurations
    91 | D:1      | Reached XP level 2. HP: 14/15 MP: 3/6
   343 | D:1      | Reached XP level 3. HP: 15/19 MP: 3/7
   377 | D:1      | Reached skill level 3 in Conjurations
   953 | D:2      | Learned a level 3 spell: Static Discharge
  1260 | D:2      | Reached XP level 4. HP: 24/24 MP: 4/8
  1536 | D:2      | Reached skill level 4 in Conjurations
  1924 | D:2      | Reached skill level 5 in Air Magic
  1924 | D:2      | Gained mutation: You can fly continuously. [Tengu growth]
  1924 | D:2      | Reached XP level 5. HP: 26/28 MP: 5/10
  1945 | D:2      | Learned a level 2 spell: Swiftness
  2324 | D:3      | Reached skill level 5 in Conjurations
  2436 | D:3      | Reached XP level 6. HP: 24/32 MP: 0/11
  2543 | D:3      | Found a sparkling altar of Nemelex Xobeh.
  2624 | D:3      | Noticed Jessica
  2627 | D:3      | Killed Jessica
  2817 | D:3      | Reached skill level 6 in Conjurations
  4231 | D:4      | Reached XP level 7. HP: 24/36 MP: 9/13
  4389 | D:5      | Entered Level 5 of the Dungeon
  4441 | D:5      | Reached skill level 7 in Conjurations
  4999 | D:5      | Learned a level 4 spell: Airstrike
  5004 | D:5      | Identified the ring of Wonder {rN+ Str+4 Int+3 SInv}
  5434 | D:5      | Found Peoto's Distillery.
  5437 | D:5      | Bought 2 potions of curing for 60 gold pieces
  5437 | D:5      | Bought a potion of heal wounds for 50 gold pieces
  5437 | D:5      | Bought a potion of ambrosia for 80 gold pieces
  5437 | D:5      | Bought a potion of degeneration for 10 gold pieces
  5571 | D:6      | Reached skill level 8 in Conjurations
  5571 | D:6      | Reached XP level 8. HP: 41/41 MP: 4/15
  5844 | D:6      | HP: 1/41 [poisoned by a water moccasin]
  5849 | D:6      | Slain by a water moccasin

Levels and vault maps discovered:
D:1:      saegor_arrival_simple_c, layout_rooms
D:2:      layout_rooms, minmay_quadrilaterals
D:3:      layout_basic, nemelex_xobeh_ov_fountains_minmay, uniq_jessica
D:4:      layout_loops_cross
D:5:      layout_basic, first_ration, serial_shops, kennysheep_mini
D:6:      layout_basic, minmay_temple_entry_sparse_star

Skill      XL: |  1  2  3  4  5  6  7  8 |
---------------+-------------------------+-----
Conjurations   | 2 3 4 5 6 8 |  8.9
Air Magic      | 5 6 7 |  7.3
Spellcasting   | 3 4 |  4.7
Dodging        | |  2.1
Stealth        | |  2.0

Action                   |  1- 3 |  4- 6 |  7- 9 || total
-------------------------+-------+-------+-------++-------
Melee: Unarmed           |    63 |    60 |       ||   123
       Kick              |    12 |    15 |     5 ||    32
       Peck              |     8 |    12 |     3 ||    23
       Whip              |       |       |    22 ||    22
 Cast: Shock             |    61 |   138 |    85 ||   284
       Static Discharge  |       |     1 |     3 ||     4
       Airstrike         |       |       |     3 ||     3
       Swiftness         |       |       |     2 ||     2
  Use: Scroll            |       |    12 |       ||    12
       Potion            |       |     1 |     2 ||     3
 Stab: Sleeping          |     1 |     1 |       ||     2
  Eat: Chunk             |     1 |    10 |     3 ||    14
       Ration            |       |       |     1 ||     1
Armor: Robe              |    17 |    21 |     4 ||    42
Dodge: Dodged            |    59 |    69 |    32 ||   160
Block: Other             |       |     5 |       ||     5

Table legend:
 A = Non-vault XP
 B = Vault XP
 C = Vault XP percentage of total XP
 D = Non-vault monster count
 E = Vault monster count
 F = Vault count percentage of total count
                 A         B        C        D         E       F
            +---------+---------+-------+---------+---------+-------
      Total |    1516 |      68 |   4.3 |     138 |       7 |   4.8
            +---------+---------+-------+---------+---------+-------
        D:1 |      55 |       0 |   0.0 |      30 |       0 |   0.0
        D:2 |      94 |      31 |  24.8 |      25 |       6 |  19.4
        D:3 |     251 |      37 |  12.8 |      33 |       1 |   2.9
        D:4 |     225 |       0 |   0.0 |      16 |       0 |   0.0
        D:5 |     379 |       0 |   0.0 |      14 |       0 |   0.0
        D:6 |     512 |       0 |   0.0 |      20 |       0 |   0.0
            +---------+---------+-------+---------+---------+-------
